Unix NetHack Version 5.0.0-0 post-release - last build Jul 19 2026 19:10:59 (3aa4ab31751d3886436d94b585a96704892fd477,branch:main).

Game began 2026-07-20 22:13:40, ended 2026-07-28 23:17:56.

Koku, neutral female gnomish Wizard

   ---------                                  ----------------      -----
   |.......|         --------------           |..............|      |*.=|
   |........#########|............|           |..............|      |.==|
   |.......|        #|............|       ####-..........<...|      |.==|
   ------.--        #.............|`########  |..............|     #-.==|
         ##         #|.............#     #    ------|---------     #-----
          #         #|............|      #          ##             #
          ##        #-----.--------      #           ##            #
           ###      ####@#######         #            ####         #
             ##     #          #         #               ########  #
              ###   #          #       ###               -------.-##
      ----------|---#          #       #                 |........#
      |............|#          ###     #                 |.......|
      |.(...........#      ------.----####*##############........|
      |............|       |..........#                  ---------
      --------------       |.....>...|#
                           |.........|
                           -----------

Koku the Conjurer         St:8 Dx:18 Co:14 In:19 Wi:9 Ch:8  Neutral
Dlvl:2  $:45 HP:0(24) Pw:26(26) AC:7  Xp:3 T:1296 

Latest messages:
 Where do you want to travel to?  (For instructions type a '?')
 You climb up the stairs.
 Where do you want to travel to?  (For instructions type a '?')
 You are already here.
 You descend the stairs.
 Restoring save file...
 Hello Koku, the gnomish Wizard, welcome back to NetHack!
 You hear the chime of a cash register.
 The door opens.
 "Hello, Koku!  Welcome to Ypey's jewelers!"
 You see here a ring of poison resistance (for sale, 200 zorkmids).
 You see here an iron ring (for sale, 178 zorkmids).
 You see here a gold ring (for sale, 200 zorkmids).
 You see here a red gem (for sale, 4667 zorkmids).
 You see here a clay ring (for sale, 533 zorkmids).
 In what direction? 4
 You kick a red gem.
 In what direction? 6
 You kick a clay ring.
 Thump!
 You see here a gold ring (for sale, 200 zorkmids).
 You see here an iron ring (for sale, 178 zorkmids).
 You do not owe Ypey anything.
 You see here a ring of poison resistance (for sale, 200 zorkmids).
 Where do you want to travel to?
 (For instructions type a '?')
 You hear someone cursing shoplifters.
 Where do you want to travel to?
 (For instructions type a '?')
 You hit the gas spore.
 You miss the gas spore.
 You kill the gas spore!
 Boom!
 You are caught in the gas spore's explosion!
 You hear the chime of a cash register.
 You see here an empty broken large box.
 What do you want to read? [ijlmot or ?*] j
 As you read the scroll, it disappears.
 i - an uncursed scroll of scare monster.
 Where do you want to travel to?
 (For instructions type a '?')
 You kill the gas spore!
 Boom!
 You are caught in the gas spore's explosion!
 It is fatal.
 Do you want your possessions identified? [ynq] (y) n
 Do you want to see your attributes? [ynq] (y) n
 Do you want an account of creatures vanquished? [ynaq] (y) y
 Do you want to see your conduct and achievements? [ynq] (y) n
 Do you want to see the dungeon overview? [ynq] (y) y

Inventory:
 Coins    ('$')
  $ - 45 gold pieces
 Weapons  (')')
  a - a blessed +1 quarterstaff (weapon in hands)
 Armor    ('[')
  b - an uncursed +2 cloak of magic resistance (being worn)
 Comestibles  ('%')
  r - an uncursed lichen corpse
 Scrolls  ('?')
  i - an uncursed scroll of scare monster
 Spellbooks  ('+')
  m - an uncursed spellbook of cure blindness
  l - a blessed spellbook of force bolt
  t - an uncursed spellbook of light
  o - an uncursed spellbook of sleep
 Potions  ('!')
  k - a cursed potion of enlightenment
  p - a cursed potion of gain level
  h - an uncursed potion of healing
  g - an uncursed potion of invisibility
  f - an uncursed potion of water
 Rings    ('=')
  d - an uncursed ring of poison resistance (on left hand)
  e - an uncursed +1 ring of protection
  q - an uncursed ring of searching (on right hand)
 Wands    ('/')
  c - a wand of sleep (0:6)
 Tools    ('(')
  n - a magic marker (0:21)

Koku the Wizard's attributes:

Background:
 You were a Conjurer, a level 3 female gnomish Wizard.
 You were neutral, nominally on a mission for Thoth
 who was opposed by Ptah (lawful) and Anhur (chaotic).
 You were right-handed.
 You were in the Dungeons of Doom, on level 2.
 You entered the dungeon 1296 turns ago.
 It was nighttime.
 You had 47 experience points, 33 more were needed to attain level 4.

Basics:
 You had 0 out of 24 hit points.
 You had all 26 energy points (spell power).
 Your armor class was 7.
 Your wallet contained 45 zorkmids.
 Autopickup was off.

Final Characteristics:
 Your strength was 8 (limit:18/50).
 Your dexterity was 18 (limit:18).
 Your constitution was 14 (limit:18).
 Your intelligence was 19 (limit:19).
 Your wisdom was 9 (limit:18).
 Your charisma was 8 (limit:18).

Final Status:
 You weren't hungry.
 You were unencumbered.
 You were wielding a quarterstaff.
 You had basic skill with quarterstaff.

Final Attributes:
 You were devoutly aligned.
 You were magic-protected.
 You were poison resistant.
 You had automatic searching.
 You had infravision.
 You were warded.
 You are dead.

Miscellaneous:
 You didn't encounter any bones levels.
 Total elapsed playing time was 1 hour, 7 minutes and 13 seconds.

Major events:
 Turn
    1: Koku the neutral female gnomish Wizard entered the dungeon
 1048: attained the rank of Conjurer (level 3)
 1296: killed by a gas spore's explosion

Spells:
 Name                 Level Category     Fail Retention
 force bolt             1   attack         0%  91%-100%
 light                  1   divination     0%  76%-100%
 sleep                  3   enchantment    0%  91%-100%
 cure blindness         2   healing       35%  76%-100%

Skills:
 Fighting Skills
   bare handed combat [Unskilled]
   riding             [Unskilled]
 Weapon Skills
   dagger             [Unskilled]
   knife              [Unskilled]
   axe                [Unskilled]
   short sword        [Unskilled]
   club               [Unskilled]
   mace               [Unskilled]
   quarterstaff       [Basic]
   polearms           [Unskilled]
   spear              [Unskilled]
   trident            [Unskilled]
   sling              [Unskilled]
   dart               [Unskilled]
   shuriken           [Unskilled]
 Spellcasting Skills
   attack spells      [Basic]
   healing spells     [Unskilled]
   divination spells  [Unskilled]
   enchantment spells [Basic]
   clerical spells    [Unskilled]
   escape spells      [Unskilled]
   matter spells      [Unskilled]

Voluntary challenges:
 Character rerolling was not enabled.
 You were an atheist.
 You never genocided any monsters.
 You never polymorphed an object.
 You never changed form.
 You used no wishes.
Achievements:
 You attained the rank of Conjurer.
 You entered a shop.

 The Dungeons of Doom: levels 1 to 4
    Level 1:
    Level 2: <- You were here.
       A ring shop.
       Final resting place for
          you, killed by a gas spore's explosion.
    Level 3:
       A sink.
    Level 4:
       An armor shop.


Vanquished creatures:
  a kitten
  2 gas spores
  a yellow mold
  a gnome zombie
  2 geckos
  4 jackals
  a goblin
  5 grid bugs
  2 lichens
  2 kobold zombies
  6 newts
27 creatures vanquished.

No species were genocided or became extinct.

Game over:
                       ----------
                      /          \
                     /    REST    \
                    /      IN      \
                   /     PEACE      \
                  /                  \
                  |       Koku       |
                  |      45 Au       |
                  | killed by a gas  |
                  |     spore's      |
                  |    explosion     |
                  |                  |
                  |       2026       |
                 *|     *  *  *      | *
        _________)/\\_//(\/(/\)/\//\/|_)_______

Goodbye Koku the Wizard...

You died in The Dungeons of Doom on dungeon level 2 with 379 points,
and 45 pieces of gold, after 1296 moves.
You were level 3 with a maximum of 24 hit points when you died.

